 Dungeon Crawl Stone Soup version 0.21-a0-110-g8e1637b (webtiles) character file.

159 grindst0ne the Shield-Bearer (level 5, -3/29 HPs)
             Began as a Vine Stalker Fighter on July 10, 2017.
             Slain by Natasha (6 damage)
             ... on level 2 of the Dungeon.
             The game lasted 00:03:43 (2636 turns).

grindst0ne the Shield-Bearer (Vine Stalker Fighter) Turns: 2636, Time: 00:03:44

Health: -3/29      AC:  8    Str: 19    XL:     5   Next: 40%
Magic:  0/6        EV:  7    Int:  9    God:
Gold:   72         SH:  9    Dex: 13    Spells: 4/4 levels left

rFire    . . .     SeeInvis .   a - +0 war axe
rCold    . . .     Gourm    .   c - +0 shield
rNeg     . . .     Faith    .   b - +0 scale mail
rPois    .         Spirit   +   (no helmet)
rElec    .         Reflect  .   (no cloak)
rCorr    .         Harm     .   o - +0 pair of gloves
MR       .....                  m - +0 pair of boots
Stlth    ..........             (no amulet)
HPRegen  0.49/turn              (no ring)
MPRegen  0.10/turn              (no ring)

@: no status effects
A: fangs 2, regeneration 1, magic shield, antimagic bite, no potion heal 3, rot
immunity
a: no special abilities


You were on level 2 of the Dungeon.
You were not hungry.

You visited 1 branch of the dungeon, and saw 2 of its levels.

You collected 72 gold pieces.

Inventory:

Hand Weapons
 a - a +0 war axe (weapon)
Armour
 b - a +0 scale mail (worn)
 c - a +0 shield (worn)
 m - a +0 pair of boots (worn)
 o - a +0 pair of gloves (worn)
Jewellery
 j - an uncursed amulet of regeneration {unknown}
Scrolls
 e - a scroll of random uselessness {unknown}
 h - 2 scrolls of blinking {unknown}
 i - 3 scrolls of identify {unknown}
 q - a scroll of remove curse {unknown}
 r - a scroll of amnesia {unknown}
 s - a scroll of teleportation {unknown}
Potions
 k - a potion of heal wounds
 l - 2 potions of curing {unknown}
 n - a potion of lignification {unknown}
Comestibles
 d - 6 chunks of flesh
 f - 2 bread rations
 g - 2 royal jellies
 p - a meat ration


   Skills:
 + Level 4.0 Fighting
 - Level 1.7 Axes
 - Level 2.4 Armour
 + Level 4.4 Shields


You had 4 spell levels left.
You didn't know any spells.

Dungeon Overview and Level Annotations

Branches:
Dungeon (2/15)

Altars:

Annotations:
D:2 Natasha


Innate Abilities, Weirdness & Mutations

You have extremely sharp teeth.
Your natural rate of healing is unusually fast.
When hurt, damage is shared between your health and your magic reserves.
Your bite disrupts and absorbs the magic of your enemies.
Potions cannot restore your health.
You are immune to rotting.


Message History

The white imp gestures at you. You block the puff of frost.
You closely miss the gnoll. You block the gnoll's attack.
The gnoll hits you with a spear.
You slash the gnoll!
The gnoll is severely wounded.
The white imp gestures at you. The puff of frost hits you!
The gnoll hits you with a spear.
* * * LOW HITPOINT WARNING * * *
Natasha howls an incantation.
Natasha glows brightly for a moment.
You hit the gnoll.
You kill the gnoll!
Your Fighting skill increases to level 4!
You slash the white imp!
Natasha casts a spell.
The white imp gestures at you. The puff of frost hits you!
* * * LOW HITPOINT WARNING * * *
It was a potion of heal wounds.
That seemed strangely inert.
Natasha claws you.
You die...

####.##.# #...#...#.### ......#.#
#####.#.##..... ####..#.#
##.###...#.....# #..#.#
#.#....>###....# #..#.# #.######
##.#.# #....# #)# #.#.# ##.######
#.# #.#.. #......########.##
##'### #..###.##..h@5...# ##...##
#..# #.##.5####..# ##.....# #
##..###.##..####..# ##.......
####.......##..#.....####........
'..........)............'........
####...#.#.#####'####............
# #..#..#.##.......#.####.......
#.##.##.##.......#.# ##.....#
#........#..≈≈≈).#(# ##...##


You could see Natasha and 2 white imps.

Vanquished Creatures
  Natasha (twice) (D:2)
  3 gnolls
  An adder (D:2)
  A dart slug (D:2)
  3 worms (D:2)
  5 leopard geckos
  3 bats
  2 giant cockroaches
  6 goblins
  3 hobgoblins (D:1)
  8 jackals
  A quokka (D:2)
  2 ball pythons (D:2)
  4 frilled lizards (D:1)
  4 kobolds
  9 rats
57 creatures vanquished.

Notes
Turn   | Place    | Note
-------+----------+-------------------------------------------
     0 | D:1      | grindst0ne the Vine Stalker Fighter began the quest for the Orb.
     0 | D:1      | Reached XP level 1. HP: 11/11 MP: 2/2
   287 | D:1      | Reached XP level 2. HP: 12/16 MP: 3/3
   793 | D:1      | Reached XP level 3. HP: 20/20 MP: 4/4
  1427 | D:2      | Noticed Natasha
  1435 | D:2      | Killed Natasha
  1435 | D:2      | Gained mutation: Your natural rate of healing is unusually fast. [Vine Stalker growth]
  1435 | D:2      | Reached XP level 4. HP: 7/24 MP: 5/5
  2098 | D:2      | Noticed Natasha
  2119 | D:2      | Killed Natasha
  2119 | D:2      | Reached XP level 5. HP: 22/29 MP: 6/6
  2621 | D:2      | Noticed Natasha
  2636 | D:2      | Slain by Natasha

Vault maps used:
D:1:      dpeg_arrival_houses_and_road, minmay_tiny_reverse_x
D:2:      kennysheep_generic_room_11, uniq_natasha

Skill      XL: |  1  2  3  4  5 |
---------------+----------------+-----
Shields        | 3 4 |  4.4
Fighting       | 3 4 |  4.0
Axes           | |  1.7
Armour         | |  2.4

Action                   |  1- 3 |  4- 6 || total
-------------------------+-------+-------++-------
Melee: War axe           |    76 |    82 ||   158
       Bite              |    21 |    18 ||    39
  Use: Potion            |       |     2 ||     2
  Eat: Chunk             |     2 |     4 ||     6
Armor: Scale mail        |    28 |    39 ||    67
Dodge: Dodged            |    17 |    22 ||    39
Block: Shield            |    38 |    39 ||    77
